 Dungeon Crawl Stone Soup version 0.20.0-15-g7f486f2 (webtiles) character file.

75 robba the Conjurer (level 3, 0/27 HPs)
             Began as a Demigod Conjurer on June 25, 2017.
             Slain by Crazy Yiuf
             ... wielding a +4 quarterstaff of chaos
              (2 damage)
             ... on level 2 of the Dungeon.
             The game lasted 00:17:04 (1765 turns).

robba the Conjurer (Demigod Conjurer)               Turns: 1765, Time: 00:17:05

Health: 0/27       AC:  3    Str: 14    XL:     3   Next: 88%
Magic:  1/8        EV: 12    Int: 21    God:
Gold:   89         SH:  0    Dex: 16    Spells: 2/5 levels left

rFire    . . .     SeeInvis .   d - +0 short sword
rCold    . . .     Gourm    .   (no shield)
rNeg     . . .     Faith    .   h - +0 leather armour
rPois    .         Spirit   .   (no helmet)
rElec    .         Reflect  .   (no cloak)
rCorr    +         Harm     .   (no gloves)
MR       .....                  (no boots)
Stlth    ++........             (no amulet)
Regen    0.1/turn               e - ring of resist corrosion
MPRegen  0.2/turn               f - +3 ring of strength

@: no status effects
A: high mp 1
a: no special abilities


You were on level 2 of the Dungeon.
You were not hungry.

You visited 1 branch of the dungeon, and saw 2 of its levels.

You collected 89 gold pieces.

Inventory:

Hand Weapons
 a - a +0 mace
 d - a +0 short sword (weapon)
Missiles
 g - 3 stones (quivered)
 o - 19 bolts
Armour
 h - a +0 leather armour (worn)
 l - a +0 chain mail
 m - a +0 robe
Jewellery
 e - a ring of resist corrosion (left hand)
 f - a +3 ring of strength (right hand)
Potions
 k - a potion of berserk rage {unknown}
Books
 b - a book of Conjurations

   Spells                             Type                      Level
   a - Magic Dart                     Conjuration                  1
   b - Searing Ray                    Conjuration                  2
   c - Dazzling Spray                 Conjuration/Hexes            3
   d - Fulminant Prism                Conjuration/Hexes            4
   e - Force Lance                    Conjuration/Translocation    4
   f - Iskenderun's Mystic Blast      Conjuration                  4
Comestibles
 c - a bread ration
 j - 2 royal jellies
 n - 2 chunks of flesh


   Skills:
 + Level 0.3 Fighting
 + Level 0.5 Short Blades
 + Level 1.1 Armour
 + Level 2.1 Dodging
 + Level 1.8 Stealth
 + Level 1.9 Spellcasting
 + Level 4.4 Conjurations


You had 2 spell levels left.
You knew the following spells:

 Your Spells              Type           Power        Failure   Level  Hunger
a - Magic Dart            Conj           ###.         2%          1    #......
b - Searing Ray           Conj           ###...       4%          2    ##.....


Dungeon Overview and Level Annotations

Branches:
Dungeon (2/15)

Annotations:
D:2 Crazy Yiuf


Innate Abilities, Weirdness & Mutations

You have an increased reservoir of magic. (+10% MP)


Message History

r - Retreat! s - Stop attacking. g - Guard the area. f - Follow me.
Anything else - Cancel.
Retreat in which direction?
Press: ? - help, Dir - move target cursor Fall back!
Crazy Yiuf hits you with a quarterstaff of chaos!
You are confused.
You bump into the stone wall.
Crazy Yiuf hits you with a quarterstaff of chaos!
* * * LOW HITPOINT WARNING * * *
You feel your power leaking away.
You're too confused to cast spells.
You're too confused to cast spells.
You bump into the tree.
Crazy Yiuf closely misses you.
You bump into the tree.
Crazy Yiuf barely misses you.
You bump into the tree.
You feel less confused.
Crazy Yiuf hits you with a quarterstaff of chaos.
You die...

...##
#..#................#
####
#..#.###.######.###.#
#.#### ### #####.#
#.# #..# #.# #..# #.#
#### ♣♣###.# #)..#♣♣
♣♣.....# ### #
#...'g♣♣♣♣.♣....#
....#. .#
#...#♣@.♣......##
.#.#.##.# ####
♣♣♣.♣....## ......#.#
♣♣♣♣♣### .#.#....#
........# ######
.#.#....## #.##.#
...<.#.#.# #.##.#
#####...# #.##.#
##.## ##.##.#


You could see Crazy Yiuf.

Vanquished Creatures
  Jessica (D:2)
  2 adders (D:2)
  2 leopard geckos (D:1)
  4 giant cockroaches
  4 hobgoblins
  7 bats
  3 goblins (D:1)
  3 kobolds
  2 rats (D:2)
28 creatures vanquished.

Notes
Turn   | Place    | Note
-------+----------+-------------------------------------------
     0 | D:1      | robba the Demigod Conjurer began the quest for the Orb.
     0 | D:1      | Reached XP level 1. HP: 14/14 MP: 5/5
   712 | D:1      | Reached XP level 2. HP: 20/20 MP: 4/7
   716 | D:1      | Learned a level 2 spell: Searing Ray
   877 | D:1      | Reached skill level 4 in Conjurations
  1371 | D:2      | Noticed Jessica
  1384 | D:2      | Killed Jessica
  1384 | D:2      | Reached XP level 3. HP: 10/26 MP: 2/8
  1545 | D:2      | Reached skill level 1 in Armour
  1750 | D:2      | Found a runed door.
  1755 | D:2      | Noticed Crazy Yiuf
  1765 | D:2      | Slain by Crazy Yiuf

Skill      XL: |  1  2  3 |
---------------+----------+-----
Conjurations   | 4 |  4.4
Dodging        | 2 |  2.1
Armour         | 1 |  1.1
Fighting       | |  0.3
Short Blades   | |  0.5
Stealth        | |  1.8
Spellcasting   | |  1.9

Action                   || total
-------------------------++-------
Melee: Short sword       ||    36
       Unarmed           ||     5
 Cast: Magic Dart        ||    23
       Searing Ray       ||    10
  Use: Potion            ||     5
       Scroll            ||     2
  Eat: Chunk             ||     4
Armor: Robe              ||     4
       Leather armour    ||    23
Dodge: Dodged            ||    56
